 Dungeon Crawl Stone Soup version 0.30-a0-241-g1121274140 (webtiles) character file.

Game seed: 2859382447220728372

109 KennySheep the Insei (level 4, -3/36 HPs)
             Began as a Demigod Transmuter on Oct 10, 2022.
             Slain by Natasha (8 damage)
             ... on level 4 of the Dungeon.
             The game lasted 00:10:44 (2998 turns).

KennySheep the Insei (Demigod Transmuter)           Turns: 2998, Time: 00:10:45

Health: -3/36      AC: -10   Str: 11    XL:     4   Next: 34%
Magic:  6/9        EV: 20    Int: 19    God:
Gold:   217        SH:  0    Dex: 19    Spells: 0/6 levels left

rFire   . . .      SeeInvis .      - Unarmed
rCold   . . .      Faith    .    (shield currently unavailable)
rNeg    . . .      Spirit   .    (body armour currently unavailable)
rPois   x          Reflect  .    (helmet currently unavailable)
rElec   .          Harm     .    (cloak currently unavailable)
rCorr   .          Rampage  .    (gloves currently unavailable)
Will    .....                    (boots currently unavailable)
Stlth   ++........               (no amulet)
HPRegen 0.26/turn                (no ring)
MPRegen 0.11/turn                (no ring)

@: spider-form (expiring), corroded
A: venomous fangs, tiny, high MP 1, forlorn, divine attributes
a: End Transformation


You were on level 4 of the Dungeon.
You were a venomous arachnid creature.
You visited 1 branch of the dungeon, and saw 4 of its levels.

You collected 217 gold pieces.

Inventory:

Armour
 a - a +0 robe (melded)
 c - a +0 cloak (melded)
Magical Staves
 i - a staff of air
Jewellery
 e - a ring of wizardry
Scrolls
 d - 2 scrolls of fog {unknown}
 f - 2 scrolls of teleportation {unknown}
 g - a scroll of summoning
 h - 4 scrolls of identify
 j - 2 scrolls of amnesia
 n - a scroll of silence {unknown}
 o - a scroll of noise {unknown}
Potions
 b - 3 potions of lignification
 k - 2 potions of resistance {unknown}
 l - a potion of brilliance {unknown}
 m - a potion of berserk rage {unknown}
 p - a potion of attraction {unknown}
 q - a potion of mutation {unknown}


   Skills:
 + Level 1.9 Fighting
 + Level 2.4 Dodging
 + Level 3.2 Unarmed Combat
 - Level 1.7 Spellcasting
 * Level 2.5 Transmutations
 + Level 1.4 Poison Magic


You couldn't memorise any spells.
You knew the following spells:

 Your Spells              Type           Power      Damage    Failure   Level
a - Beastly Appendage     Tmut           22%        N/A       17%         1
b - Wereblood             Tmut           11%        N/A       24%         2
c - Spider Form           Tmut/Pois      9%         N/A       43%         3

Your spell library contained the following spells:

 Spells                   Type           Power      Damage    Failure   Level
 Portal Projectile        Hex/Tloc       2%         N/A       67%         3
 Tukima's Dance           Hex            1%         N/A       67%         3
 Ice Form                 Ice/Tmut       6%         N/A       87%         4
 Blade Hands              Tmut           5%         N/A       95%         5


Dungeon Overview and Level Annotations

Branches:
Dungeon (4/15)
 Temple: D:4-7

Shops:
D:1 [

Annotations:
D:4 Natasha


Innate Abilities, Weirdness & Mutations

You are a venomous arachnid creature.
You have poisonous fangs.
You are tiny and dextrous.
Your spellcasting is less reliable in this form.
Your armour is entirely melded.
You are incapable of wielding weapons or throwing items.
You have an increased reservoir of magic. (+10% MP)
You shall have no god before yourself.
Your divine heritage dramatically boosts your attributes as you level up.


Message History

There is a stone staircase leading down here.
You climb downwards.
Found 9 gold pieces.
There is a stone staircase leading up here.
A jelly comes into view.
A jelly is nearby!
Natasha, Servant of Life and Death comes into view.
Natasha hisses angrily.
The jelly quivers.
Natasha casts a spell at you. You resist with some effort.
Casting: Spider Form (quite dangerous; 22% risk of failure)
Confirm with . or Enter, or press ? or * to list all spells.
The spell is quite dangerous to miscast (22% risk of failure)!
Continue anyway?
You turn into a venomous arachnid creature.
Your +0 cloak melds into your body.
Your +0 robe melds into your body.
Your transformation is almost over.
The jelly barely misses you.
You hit the jelly.
Your front legs burn!
The jelly is moderately wounded.
You hit the jelly. The acid corrodes you!
Your front legs burn!
The jelly is heavily wounded.
The jelly hits you. The acid corrodes you!
You are splashed with acid!
Natasha barely misses you.
You hit Natasha.
Natasha is moderately wounded.
The jelly completely misses you. Natasha completely misses you.
You completely miss Natasha.
Natasha is lightly wounded.
The jelly closely misses you. Natasha completely misses you.
You hit the jelly.
Your front legs burn!
The jelly is severely wounded.
The jelly closely misses you.
Natasha mumbles some strange words.
You hit the jelly. The acid corrodes you!
Your front legs burn!
The jelly is severely wounded.
The jelly hits you.
You are splashed with acid!
* * * LOW HITPOINT WARNING * * *
Natasha claws you!
You die...

#### # #.. .#
#.###.#
######.#<..#.?#
#....$........# #
#.............#
#.##.h.........#.#
#..5.Js........# #
####...........#
#..................
######..............
#..............
############.


You could see a jelly, Natasha and a shadow imp (summoned).

Vanquished Creatures
  Jessica (D:3)
  2 adders (D:2)
  2 dart slugs
  3 worms (D:3)
  7 endoplasms
  7 goblins
  5 hobgoblins
  4 jackals
  3 quokkas
  5 ball pythons
  4 bats
  3 frilled lizards
  2 kobolds
  3 rats
51 creatures vanquished.

Vanquished Creatures (others)
  23 plants (D:2)
23 creatures vanquished.

Grand Total: 74 creatures vanquished

Notes
Turn   | Place    | Note
-------+----------+-------------------------------------------
     0 | D:1      | KennySheep the Demigod Transmuter began the quest for the
                  | Orb.
     0 | D:1      | Reached XP level 1. HP: 15/15 MP: 5/5
   193 | D:1      | Reached skill level 1 in Fighting
   337 | D:1      | Reached XP level 2. HP: 11/23 MP: 7/7
   437 | D:1      | Found Seuzil's Antique Armour Emporium.
   461 | D:1      | Learned a level 2 spell: Wereblood
  1204 | D:2      | Reached skill level 3 in Unarmed Combat
  1204 | D:2      | Reached skill level 1 in Poison Magic
  1204 | D:2      | Reached XP level 3. HP: 26/28 MP: 6/8
  1850 | D:3      | Noticed Jessica
  2440 | D:3      | Reached XP level 4. HP: 36/36 MP: 9/9
  2444 | D:3      | Learned a level 3 spell: Spider Form
  2932 | D:3      | Killed Jessica
  2989 | D:4      | Noticed Natasha
  2998 | D:4      | Slain by Natasha

Illustrated notes

Levels and vault maps discovered:
D:1:      sevenhm_arrival_forest_fort_large_4, layout_basic, serial_shops,
          nicolae_shop_trees, nrook_mini_vaults, minivault_11
D:2:      minmay_chambers_of_ones, layout_rooms, serial_bayou,
          serial_bayou_lake_a, serial_bayou_lagoon_a, serial_bayou_pond_d,
          serial_bayou_pond_a, serial_bayou_pond_a,
          shapermc_ecumenical_altar_acropolis, minmay_goblin_kobold_house
D:3:      minmay_spotlight, layout_basic, uniq_jessica
D:4:      layout_basic, nicolae_dithmenos_through_a_glass_darkly, uniq_natasha

Skill      XL: |  1  2 |
---------------+-------+-----
Fighting       | 1 |  1.9
Dodging        | 2 |  2.4
Transmutations | 2 |  2.5
Unarmed Combat | 3 |  3.2
Poison Magic   | 1 |  1.4
Spellcasting   | |  1.7

Action                   |  1- 3 |  4- 6 || total
-------------------------+-------+-------++-------
Melee: Unarmed           |   203 |    10 ||   213
       Headbutt          |     6 |       ||     6
       Punch             |     4 |       ||     4
       Kick              |    11 |       ||    11
 Cast: Beastly Appendage |     9 |       ||     9
       Wereblood         |     1 |       ||     1
       Spider Form       |       |     2 ||     2
  Use: Scroll            |     2 |       ||     2
 Stab: Sleeping          |     4 |       ||     4
Armor: Robe              |    39 |       ||    39
Dodge: Dodged            |   146 |     7 ||   153

Table legend: (Time is in decaauts)
 A = Elapsed time spent in this place.
 B = Non-inter-level travel time spent in this place.
 C = Inter-level travel time spent in this place.
 D = Time resting spent in this place.
 E = Time spent auto-exploring this place.
 F = Levels seen in this place.
 G = Mean time per level.
                   A        B        C        D        E       F      G
               +--------+--------+--------+--------+--------+-----+--------+
         Total |   3023 |   2849 |    174 |     95 |   2273 |   4 |  755.8 |
       Dungeon |   3023 |   2849 |    174 |     95 |   2273 |   4 |  755.8 |
               +--------+--------+--------+--------+--------+-----+--------+

Top non-repeatable levels by time:
     D:3: 1146 daAuts
     D:1: 953 daAuts
     D:2: 909 daAuts
     D:4: 14 daAuts
